 Dungeon Crawl Stone Soup version 0.31-a0-145-g046c7d2549 (webtiles) character file.

Game seed: 11180229802252509731

203 qw the Shooter (level 5, 0/46 HPs)
             Began as a Minotaur Hunter on June 7, 2023.
             Killed from afar by an orc wizard (5 damage)
             ... with a magic dart
             ... on level 3 of the Dungeon.
             The game lasted 00:00:54 (2101 turns).

qw the Shooter (Minotaur Hunter)                    Turns: 2101, Time: 00:00:55

Health: 0/46       AC:  7    Str: 16    XL:     5   Next: 51%
Magic:  4/4        EV: 12    Int:  6    God:
Gold:   113        SH:  0    Dex: 15    Spells: 4/4 levels left

rFire   . . .        Y - +1 shortbow
rCold   . . .        (shield currently unavailable)
rNeg    . . .        f - +3 leather armour
rPois   +            (helmet restricted)
rElec   .            e - +0 cloak
rCorr   +            (no gloves)
SInv    .            (no boots)
Will    .....        (no amulet)
Stlth   +            d - ring of poison resistance
HPRegen 0.27/turn    i - ring of resist corrosion
MPRegen 0.09/turn

%: no passive effects
@: about to teleport
A: horns 2, retaliatory headbutt
a: no special abilities


You were on level 3 of the Dungeon.
You visited 1 branch of the dungeon, and saw 3 of its levels.

You collected 113 gold pieces.


Innate Abilities, Weirdness & Mutations

You have a pair of horns on your head.
You reflexively headbutt those who attack you in melee.


   Skills:
 - Level 4.1 Fighting
 + Level 6.7 Ranged Weapons
 - Level 1.1 Armour
 - Level 2.1 Dodging
 - Level 0.7 Stealth


You had 4 spell levels left.
You didn't know any spells.
Your spell library was empty.

Inventory:

Hand Weapons
 Y - a +1 shortbow (weapon)
Armour
 e - a +0 cloak (worn)
 f - a +3 leather armour (worn)
Jewellery
 d - a ring of poison resistance (left hand)
 h - a ring of poison resistance
 i - a ring of resist corrosion (right hand)
 k - an amulet of guardian spirit
Scrolls
 a - a scroll of teleportation
 c - a scroll of identify
 g - a scroll of fog {unknown}
Potions
 b - a potion of mutation {unknown}
 j - a potion of enlightenment {unknown}
 l - a potion of heal wounds {unknown}

Dungeon Overview and Level Annotations

Branches:
Dungeon (3/15)

Altars:


Message History

You kill the orc!
The gnoll misses you. You furiously retaliate!
You headbutt the gnoll!
You kill the gnoll!
You shoot an arrow. The arrow hits the gnoll!
The gnoll is heavily wounded.
The orc closely misses you. Something hits you.
You writhe in agony.
The gnoll hits you with a +0 whip.
You shoot an arrow.
The arrow hits the gnoll but does no damage.
The gnoll is heavily wounded.
The orc hits you but does no damage. Something hits you but does no damage.
The gnoll misses you. The orc hits you but does no damage.
You shoot an arrow. The arrow hits the gnoll.
The gnoll is severely wounded.
You hear some strange, mumbled words.
You are confused.
The orc hits you but does no damage. The gnoll misses you.
The orc closely misses you. Something hits you.
You writhe in agony.
The orc barely misses you. The gnoll closely misses you.
The orc closely misses you. Something barely misses you.
The orc closely misses you. The gnoll hits you with a +0 whip.
The orc barely misses you. Something hits you but does no damage.
The orc hits you but does no damage. The gnoll barely misses you.
The orc barely misses you. Something hits you but does no damage.
The orc hits you but does no damage. The gnoll barely misses you.
The orc misses you. Something hits you. The orc barely misses you.
The gnoll barely misses you. The orc closely misses you.
You feel less confused.
You hear some strange, mumbled words.
A puff of flame appears from out of thin air!
The puff of flame hits you. The orc hits you but does no damage.
The gnoll hits you with a +0 whip. The orc completely misses you.
2101 ||| READING 2 scrolls of teleportation.
As you read the scroll of teleportation, it crumbles to dust.
You feel strangely unstable.
You hear some strange, mumbled words.
A magic dart appears from out of thin air!
The magic dart hits you.
You die...

#.####### #.# #.######
#......##########
#.####..........# ########
#.####..#######.# #......#
##.##........# #.# #.####.##
##...#.#..###.# #.# #.......#
#{@o...#..###.###.#
##.####..####go.#.#..........#
#...###.....oo..............##
####....).#.#..##.#####.###.##.##
....)%).%........................
~~~~~~~~~~~~....~~~~~~~~~~~~~~~~~
~~~~~~~~~~~).)..~~~~~~~~~~~~~~~~~
~~~~~~~~~~~~....~~~~~~~~~~~~#####
............................#.oo#


You could see a gnoll and 4 orcs.

Vanquished Creatures
  A howler monkey (D:3)
  A gnoll bouda (D:3)
  3 gnolls (D:3)
  2 adders (D:3)
  A dart slug (D:1)
  10 orcs (D:3)
  5 ball pythons
  3 endoplasms
  5 giant cockroaches
  3 goblins
  3 hobgoblins
  18 jackals
  5 quokkas
  4 bats
  2 frilled lizards (D:2)
  5 kobolds
  3 rats
74 creatures vanquished.

Notes
Turn   | Place    | Note
-------+----------+-------------------------------------------
     0 | D:1      | qw the Minotaur Hunter began the quest for the Orb.
     0 | D:1      | Reached XP level 1. HP: 18/18 MP: 0/0
     0 | D:1      | 0 ||| qw: Version: 0.2-a-117-gc6b5c8b
     0 | D:1      | 0 ||| qw: Game counter: 2468
     0 | D:1      | 0 ||| qw: Always use a shield: true
     0 | D:1      | 0 ||| qw: God list: Okawaru
     0 | D:1      | 0 ||| qw: Allow faded altars: false
     0 | D:1      | 0 ||| qw: Do Orc after D:15 true
     0 | D:1      | 0 ||| qw: Do second Lair branch before Depths: true
     0 | D:1      | 0 ||| qw: Lair rune preference: random
     0 | D:1      | 0 ||| qw: Plans: Normal
     0 | D:1      | 0 ||| PLANNING D:1-11
   133 | D:1      | Reached XP level 2. HP: 25/25 MP: 1/1
   247 | D:1      | Reached skill level 5 in Ranged Weapons
   455 | D:1      | Reached skill level 3 in Fighting
   719 | D:1      | 719 ||| UPGRADING to +0 cloak.
   724 | D:1      | 724 ||| UPGRADING to +3 leather armour.
   734 | D:1      | 734 ||| DROPPING +0 leather armour.
   735 | D:1      | 735 ||| UPGRADING to ring of poison resistance.
   736 | D:1      | 736 ||| READING scroll labelled PATOJIF URUR.
   737 | D:1      | 737 ||| DROPPING scroll of butterflies.
   916 | D:2      | Reached XP level 3. HP: 31/31 MP: 2/2
  1236 | D:2      | Found a faded altar of an unknown god.
  1293 | D:2      | 1293 ||| UPGRADING to ring of resist corrosion.
  1294 | D:2      | 1294 ||| READING scroll labelled QUYRAZI BOETO.
  1295 | D:2      | 1295 ||| READING scroll labelled ANITAS VAERRE.
  1296 | D:2      | 1296 ||| READING scroll labelled XECSAU OHYE.
  1301 | D:2      | 1301 ||| READING 2 scrolls labelled EWYITIUVO.
  1302 | D:2      | 1302 ||| DROPPING scroll of amnesia.
  1464 | D:3      | Reached XP level 4. HP: 38/38 MP: 3/3
  1468 | D:3      | Reached skill level 6 in Ranged Weapons
  1500 | D:3      | Reached skill level 1 in Armour
  1720 | D:3      | Reached XP level 5. HP: 46/46 MP: 4/4
  2063 | D:3      | 2063 ||| Stepping ~*~*~tactically~*~*~ (outnumbered).
  2064 | D:3      | Identified the +5 plate armour "Byaraic" {+Blink}
  2067 | D:3      | 2067 ||| Stepping ~*~*~tactically~*~*~ (outnumbered).
  2096 | D:3      | HP: 7/46 [gnoll/+0 whip (5)]
  2101 | D:3      | 2101 ||| READING 2 scrolls of teleportation.
  2101 | D:3      | Killed from afar by an orc wizard

Levels and vault maps discovered:
D:1:      shiori_shiawase, layout_basic, serial_forest,
          infiniplex_forest_straight_2, infiniplex_forest_straight_3,
          infiniplex_forest_clump_double, infiniplex_forest_clump_double,
          infiniplex_forest_join, infiniplex_forest_lined_1,
          infiniplex_forest_lined_room_, infiniplex_forest_lined_room_2,
          infiniplex_forest_clump_small, minmay_misc_feat_pillars,
          minmay_pentomino_r4
D:2:      layout_basic, shapermc_ecumenical_altar_ellora
D:3:      lemuel_castle_with_subvaults [lemuel_castle_interior_carwin_3],
          layout_loops_corners

Skill      XL: |  1  2  3  4 |
---------------+-------------+-----
Ranged Weapons | 5 6 |  6.7
Fighting       | 3 4 |  4.1
Armour         | 1 |  1.1
Dodging        | |  2.1
Stealth        | |  0.7

Action                     |  1- 3 |  4- 6 || total
---------------------------+-------+-------++-------
   Fire: Shortbow          |   107 |   100 ||   207
    Use: Scroll            |     5 |     1 ||     6
 Armour: Leather armour    |    10 |    23 ||    33
  Dodge: Dodged            |    17 |    41 ||    58

Table legend:
 A = Non-vault XP
 B = Vault XP
 C = Vault XP percentage of total XP
 D = Non-vault monster count
 E = Vault monster count
 F = Vault count percentage of total count
                 A         B        C        D         E       F
            +---------+---------+-------+---------+---------+-------
      Total |     106 |     185 |  63.6 |      47 |      27 |  36.5
            +---------+---------+-------+---------+---------+-------
        D:1 |      23 |       8 |  25.8 |      12 |       3 |  20.0
        D:2 |      25 |       0 |   0.0 |      16 |       0 |   0.0
        D:3 |      58 |     177 |  75.3 |      19 |      24 |  55.8
            +---------+---------+-------+---------+---------+-------
